 Dungeon Crawl Stone Soup version 0.31.0-32-g396128a36d (webtiles) character file.

Game seed: 12133271536492951313

219 PaiMei the Grave Robber (level 5, -2/38 HPs)
             Began as a Demonspawn Necromancer on Apr 12, 2024.
             Slain by Blork the orc
             ... wielding a +0 trident
              (5 damage)
             ... on level 4 of the Dungeon.
             The game lasted 00:05:29 (3730 turns).

PaiMei the Grave Robber (Demonspawn Necromancer)    Turns: 3730, Time: 00:05:29

Health: -2/38      AC:  0    Str:  9    XL:     5   Next: 64%
Magic:  1/9        EV: 12    Int: 24    God:
Gold:   118        SH:  4    Dex: 13    Spells: 2/10 levels left

rFire   . . .        p - +1 hammer "Wuvuick" {elec, *Corrode rElec Int+7 Stlth+}
rCold   . . .        (no shield)
rNeg    . . .        a - +0 robe
rPois   .            (helmet restricted)
rElec   +            r - +0 cloak
rCorr   .            (no gloves)
SInv    .            c - +0 pair of boots
Will    .....        (no amulet)
Stlth   +++          (no ring)
HPRegen 0.26/turn    (no ring)
MPRegen 0.11/turn

%: corrode self (3%)
@: corroded
A: horns 1, large bone plates 1, powered by pain 1
a: no special abilities


You were on level 4 of the Dungeon.
You visited 1 branch of the dungeon, and saw 4 of its levels.

You collected 118 gold pieces.

Inventory:

Hand Weapons
 i - a +0 club
 k - a +1 dagger of electrocution
 o - a +2 hammer of protection
 p - the +1 hammer "Wuvuick" (weapon) {elec, *Corrode rElec Int+7 Stlth+}
   (You found it on level 2 of the Dungeon)

   Int+7:     It affects your intelligence (+7).
   rElec:     It insulates you from electricity.
   *Corrode:  It may corrode you when you take damage.
   Stlth+:    It makes you more stealthy.
Missiles
 v - 6 poisoned darts (quivered)
Armour
 a - a +0 robe (worn)
 c - a +0 pair of boots (worn)
 r - a +0 cloak (worn)
Scrolls
 d - a scroll of enchant weapon {unknown}
 e - 3 scrolls of identify {unknown}
 h - a scroll of teleportation {unknown}
 n - a scroll of blinking {unknown}
 q - 2 scrolls of amnesia {unknown}
 s - a scroll of enchant armour {unknown}
 u - a scroll of fog {unknown}
Potions
 b - 2 potions of magic
 f - 2 potions of curing {unknown}
 g - 2 potions of degeneration {unknown}
 j - a potion of invisibility {unknown}
 l - a potion of might {unknown}
 m - a potion of lignification {unknown}
 t - a potion of cancellation {unknown}


   Skills:
 + Level 2.2 Fighting
 + Level 3.0 Dodging
 - Level 2.0 Stealth
 + Level 3.2 Spellcasting
 + Level 5.4 Necromancy


You had 2 spell levels left.
You knew the following spells:

 Your Spells              Type           Power      Damage    Failure   Level
a - Necrotise             Necr           100%       1d9       1%          1
b - Vampiric Draining     Necr           29%        2d8       3%          3
c - Animate Dead          Necr           29%        N/A       12%         4

Your spell library contained the following spells:

 Spells                   Type           Power      Damage    Failure   Level
 Kiss of Death            Conj/Necr      64%        2d10      3%          1
 Cigotuvi's Dreadful Rot  Necr/Alch/Air  24%        N/A       8%          2
 Ensorcelled Hibernation  Hex/Ice        6%         N/A       16%         2
 Dispel Undead            Necr           29%        3d13      12%         4
 Confusing Touch          Hex            3%         N/A       32%         3
 Dazzling Flash           Conj/Hex       6%         N/A       32%         3
 Mephitic Cloud           Conj/Alch/Air  3%         N/A       32%         3
 Passwall                 Erth           3%         N/A       32%         3
 Swiftness                Air            3%         N/A       32%         3
 Tukima's Dance           Hex            3%         N/A       32%         3
 Curse of Agony           Necr           29%        N/A       32%         5
 Borgnjor's Vile Clutch   Necr/Erth      8%         N/A       67%         5
 Dimensional Bullseye     Hex/Tloc       1%         N/A       71%         4
 Ignite Poison            Fire/Alch      3%         N/A       71%         4
 Iskenderun's Mystic Bla  Conj/Tloc      3%         2d3       71%         4
 Death Channel            Necr           14%        N/A       87%         6
 Alistair's Intoxication  Alch           2%         N/A       96%         5
 Freezing Cloud           Conj/Ice/Air   1%         6-21      96%         5
 Silence                  Hex/Air        1%         N/A       96%         5
 Eringya's Noxious Bog    Alch           1%         4d6       100%        6


Dungeon Overview and Level Annotations

Branches:
Dungeon (4/15)
 Temple: D:4-7

Altars:
Okawaru

Shops:
D:2 :

Annotations:
D:4 Blork the orc, Robin


Innate Abilities, Weirdness & Mutations

You have a pair of small horns on your head.
You are partially covered in large bone plates. (SH +4)
You sometimes gain a little power by taking damage.


Message History

Casting: Necrotise (safe; 1% risk of failure)
Confirm with . or Enter, or press ? or * to list all spells.
Aiming: Necrotise (safe; 1% risk of failure)
Press: ? - help, Shift-Dir - straight line, f/p - Blork the orc
Aim: Blork the orc, wielding a +0 trident and wearing a +0 robe (moderately wounded, fast, chance to affect: 83%) Blork the orc writhes in agony!
You block Blork the orc's attack. Blork the orc closely misses you.
Blork the orc hits you with a +0 trident.
Your corrosive artefact corrodes you!
Casting: Necrotise (safe; 1% risk of failure)
Confirm with . or Enter, or press ? or * to list all spells.
Aiming: Vampiric Draining (dangerous; 3% risk of failure)
Press: ? - help, Shift-Dir - straight line, f/p - Blork the orc
Aim: Blork the orc, wielding a +0 trident and wearing a +0 robe (heavily wounded, fast)
You draw life force from Blork the orc!
You feel life coursing into your body. Blork the orc closely misses you.
Blork the orc hits you with a +0 trident!
Casting: Vampiric Draining (dangerous; 3% risk of failure)
Confirm with . or Enter, or press ? or * to list all spells.
Aiming: Vampiric Draining (dangerous; 3% risk of failure)
Press: ? - help, Shift-Dir - straight line, f/p - Blork the orc
Aim: Blork the orc, wielding a +0 trident and wearing a +0 robe (almost dead, fast)
You draw life force from Blork the orc.
You feel life coursing into your body.
Blork the orc hits you with a +0 trident!
Casting: Vampiric Draining (dangerous; 3% risk of failure)
Confirm with . or Enter, or press ? or * to list all spells.
You don't have enough magic to cast this spell.
Casting: Vampiric Draining (dangerous; 3% risk of failure)
Confirm with . or Enter, or press ? or * to list all spells.
You don't have enough magic to cast this spell.
Casting: Vampiric Draining (dangerous; 3% risk of failure)
Confirm with . or Enter, or press ? or * to list all spells.
You don't have enough magic to cast this spell.
You barely miss Blork the orc.
You headbutt Blork the orc, but do no damage.
Blork the orc is almost dead.
Blork the orc hits you with a +0 trident!
* * * LOW HITPOINT WARNING * * *
Blork the orc hits you with a +0 trident.
You die...

......#
###+###......#
#............#
#............#
#............#
#............#
#............#
#...<.@o.....#
####.##.##...#
### .# # ..
... .... #####


You could see Blork the orc (fast).

Vanquished Creatures
  Crazy Yiuf (D:2)
  Jessica (D:2)
  5 adders
  3 gnolls (D:2)
  A dart slug (D:2)
  3 ribbon worms
  9 orcs (D:3)
  12 bats
  5 endoplasms
  A giant cockroach (D:2)
  3 goblins
  2 hobgoblins
  3 jackals (D:2)
  5 quokkas
  2 ball pythons (D:2)
  5 frilled lizards
  5 kobolds
  8 rats
74 creatures vanquished.

Vanquished Creatures (collateral kills)
  A dart slug (D:3)
1 creature vanquished.

Grand Total: 75 creatures vanquished

Notes
Turn   | Place    | Note
-------+----------+-------------------------------------------
     0 | D:1      | PaiMei the Demonspawn Necromancer began the quest for the
                  | Orb.
     0 | D:1      | Reached XP level 1. HP: 13/13 MP: 3/3
   253 | D:1      | Gained mutation: You sometimes gain a little power by
                  | taking damage. [demonic ancestry]
   253 | D:1      | Reached XP level 2. HP: 13/19 MP: 0/5
   976 | D:2      | Gained mutation: You are partially covered in large bone
                  | plates. (SH +4) [demonic ancestry]
   976 | D:2      | Reached XP level 3. HP: 24/25 MP: 1/6
  1037 | D:2      | Reached skill level 1 in Fighting
  1275 | D:2      | Gained mutation: You have a pair of small horns on your
                  | head. [demonic ancestry]
  1275 | D:2      | Reached XP level 4. HP: 32/32 MP: 2/7
  1413 | D:2      | Reached skill level 5 in Necromancy
  1503 | D:2      | Learned a level 3 spell: Vampiric Draining
  1610 | D:2      | Noticed Jessica
  1618 | D:2      | Killed Jessica
  1863 | D:2      | Identified the +1 hammer "Wuvuick" {elec, *Corrode rElec
                  | Int+7 Stlth+}
  1868 | D:2      | Found a runed translucent door.
  1869 | D:2      | Noticed Crazy Yiuf
  2002 | D:2      | Found a faded altar of an unknown god.
  2164 | D:2      | Found Foenken's Book Emporium.
  2238 | D:2      | Killed Crazy Yiuf
  2239 | D:2      | Reached XP level 5. HP: 38/38 MP: 2/9
  2856 | D:3      | Found an iron altar of Okawaru.
  3260 | D:3      | Learned a level 4 spell: Animate Dead
  3667 | D:4      | Noticed Robin
  3722 | D:4      | Noticed Blork the orc
  3730 | D:4      | Slain by Blork the orc

Illustrated notes

Levels and vault maps discovered:
D:1:      lightli_arrival_boilingwater, layout_rooms, minmay_domino_4
D:2:      layout_basic, serial_shops, nicolae_shop_waterfront,
          shapermc_ecumenical_altar_mp_highgroup, skrybe_limestone_x,
          grunt_decor_resistance, uniq_jessica, uniq_crazy_yiuf_cottage
D:3:      layout_loops_corners, mainiacjoe_overflow_boulevard, dk_vineyard_1,
          st_stairs_1
D:4:      layout_gridville, lemuel_doored_altar, minmay_temple_entry_ruins,
          nicolae_shop_firing_range, uniq_robin, uniq_blork_the_orc,
          uniq_duvessa, uniq_pikel

Skill      XL: |  1  2  3  4  5 |
---------------+----------------+-----
Stealth        | 2 |  2.0
Dodging        | 2 3 |  3.0
Fighting       | 1 2 |  2.2
Necromancy     | 5 |  5.4
Spellcasting   | 3 |  3.2

Action                     |  1- 3 |  4- 6 || total
---------------------------+-------+-------++-------
  Melee: Unarmed           |     9 |       ||     9
         Club              |     8 |       ||     8
         Mace              |       |    12 ||    12
         Headbutt          |       |     3 ||     3
   Cast: Necrotise         |    56 |    88 ||   144
         Vampiric Draining |       |     5 ||     5
 Armour: Robe              |    12 |    22 ||    34
  Dodge: Dodged            |    28 |    24 ||    52
  Block: Other             |     1 |     9 ||    10
